Map: Jagannatha LE

Players

TriGGeR

  • Race: Protoss Protoss

Scarlett - Winner!

  • Race: Zerg Zerg

Event: DreamHack SC2 Masters 2021 Winter

VOD

Have the link to the VOD?

Description

Time

  • Played on: Oct. 5, 2021, 7:03 p.m.
  • Length: 11:00

All games in this series

Show
View Real Time Build Order
Export as new Build Order

TriGGeR Protoss 

Build Orders: 1 Gate Expand, Oracle Opening 

Get SALT Encoding   

  12  0:00  Probe  
  13  0:12  Probe  
  14  0:20  Pylon  
  14  0:24  Probe  
  15  0:38  Probe (Chrono Boost)  
  15  0:40  Gateway  
  16  0:47  Probe (Chrono Boost)  
  16  0:48  Assimilator  
  17  0:52  Probe (Chrono Boost)  
  18  1:04  Probe  
  19  1:16  Probe  
  20  1:29  Nexus  
  20  1:31  Probe  
  21  1:39  Cybernetics Core  
  21  1:43  Probe  
  21  1:46  Assimilator  
  22  1:54  Pylon  
  22  1:56  Probe  
  23  2:12  Probe (Chrono Boost)  
  23  2:13  Adept (Chrono Boost)  
  24  2:19  Stargate  
  24  2:22  Probe (Chrono Boost)  
  27  2:27  Warp Gate, Probe (Chrono Boost)  
  28  2:35  Adept  
  30  2:41  Probe (Chrono Boost)  
  30  2:43  Probe (Chrono Boost)  
  32  2:51  Probe (Chrono Boost)  
  34  2:53  Probe (Chrono Boost)  
  34  2:55  Void Ray (Chrono Boost)  
  35  3:01  Gateway  
  35  3:03  Probe  
  39  3:06  Probe  
  40  3:15  Probe  
  40  3:18  Probe  
  42  3:20  Pylon  
  42  3:27  Probe  
  42  3:30  Probe  
  44  3:38  Oracle  
  44  3:39  Probe  
  48  3:43  Probe  
  45  3:51  Probe  
  46  3:57  Nexus  
  46  3:58  Probe, Pylon  
  47  4:03  Probe  
  47  4:05  Assimilator  
  47  4:07  Assimilator  
  48  4:11  Probe  
  48  4:14  Pylon  
  48  4:15  Adept, Protoss Air Weapons Level 1  
  51  4:17  Adept, Probe  
  51  4:21  Void Ray  
  51  4:23  Probe  
  55  4:29  Probe  
  60  4:35  Probe  
  61  4:38  Forge  
  61  4:43  Probe (Chrono Boost)  
  61  4:44  Stargate  
  62  4:47  Probe (Chrono Boost)  
  63  4:56  Probe (Chrono Boost)  
  63  4:58  Probe (Chrono Boost)  
  63  4:59  Void Ray (Chrono Boost)  
  65  5:04  Probe (Chrono Boost), Shield Battery  
  65  5:06  Assimilator  
  70  5:09  Assimilator, Probe (Chrono Boost)  
  71  5:20  Void Ray (Chrono Boost)  
  71  5:22  Probe x3  
  71  5:27  Shield Battery  
  74  5:29  Shield Battery  
  74  5:33  Photon Cannon, Void Ray (Chrono Boost)  
  78  5:36  Probe x3  
  85  5:44  Pylon  
  85  5:47  Pylon  
  85  5:50  Photon Cannon  
  85  5:56  Pylon, Shield Battery  
  85  6:02  Void Ray (Chrono Boost)  
  85  6:03  Void Ray (Chrono Boost)  
  89  6:04  Photon Cannon  
  89  6:05  Shield Battery  
  93  6:12  Pylon  
  93  6:21  Shield Battery  
  93  6:25  Zealot x2  
  97  6:29  Void Ray (Chrono Boost)  
  101  6:41  Void Ray (Chrono Boost)  
  101  6:49  Zealot x2  
  101  6:51  Probe x2  
  107  6:56  Probe  
  107  6:59  Void Ray  
  104  7:03  Probe  
  104  7:04  Probe  
  109  7:14  Zealot  
  89  7:15  Void Ray (Chrono Boost)  
  89  7:16  Probe x2  
  88  7:22  Cybernetics Core  
  88  7:24  Gateway  
  88  7:26  Gateway  
  88  7:28  Gateway, Nexus  
  88  7:33  Void Ray (Chrono Boost)  
  89  7:47  Gateway  
  88  7:53  Void Ray (Chrono Boost)  
  88  8:03  Void Ray (Chrono Boost)  
  87  8:11  Twilight Council  
  88  8:16  Adept x2  
  88  8:18  Probe x2  
  94  8:21  Pylon  
  94  8:25  Pylon  
  93  8:30  Void Ray (Chrono Boost), Probe, Protoss Ground Weapons Level 1 (Chrono Boost)  
  93  8:33  Nexus  
  94  8:38  Gateway, Pylon  
  94  8:39  Probe  
  99  8:41  Gateway  
  99  8:42  Void Ray (Chrono Boost), Probe, Pylon  
  104  8:55  Charge (Chrono Boost)  
  103  8:57  Nexus  
  103  9:06  Sentry  
  103  9:09  Sentry  
  107  9:11  Zealot x4  
  115  9:18  Probe  
  104  9:32  Zealot x4  
  104  9:37  Probe  
  104  9:38  Probe  
  114  9:40  Zealot  
  116  9:49  Probe  
  116  9:52  Sentry x2  
  119  9:53  Zealot x2  
  119  9:57  Pylon  
  125  10:05  Pylon  
  125  10:09  Zealot x2  
  129  10:16  Zealot x2  
  133  10:24  Robotics Facility  
  133  10:26  Zealot x2  
  109  10:47  Zealot x6  
Show
View Real Time Build Order
Export as new Build Order

Scarlett Zerg - Winner!

Build Orders: Hatch First 

Get SALT Encoding   

  12  0:00  Drone  
  13  0:12  Overlord  
  13  0:18  Drone  
  14  0:30  Drone  
  14  0:31  Drone  
  16  0:48  Hatchery  
  15  0:51  Drone  
  15  0:55  Drone  
  17  0:58  Drone  
  18  1:11  Extractor  
  17  1:13  Spawning Pool  
  17  1:17  Drone  
  17  1:20  Drone  
  18  1:28  Drone  
  19  1:39  Drone  
  20  1:49  Drone  
  21  2:00  Queen x2  
  25  2:01  Zergling x2  
  25  2:02  Overlord  
  26  2:11  Drone x2  
  26  2:12  Metabolic Boost  
  28  2:23  Drone x2  
  30  2:33  Hatchery  
  29  2:38  Drone  
  29  2:42  Queen  
  32  2:47  Overlord  
  32  2:50  Drone  
  33  2:52  Drone  
  33  2:55  Drone  
  33  2:56  Zergling x2  
  36  3:07  Overlord  
  36  3:10  Drone x4  
  40  3:15  Overlord  
  40  3:18  Queen  
  42  3:23  Queen  
  44  3:30  Drone  
  44  3:32  Zergling x4  
  47  3:38  Drone  
  46  3:42  Drone x2  
  46  3:44  Queen  
  46  3:47  Zergling x4  
  51  3:49  Drone  
  51  3:53  Drone x3  
  55  3:56  Spore Crawler  
  55  3:59  Drone  
  55  4:07  Drone x2, Overlord  
  57  4:17  Overlord  
  57  4:20  Overlord  
  57  4:26  Drone x8  
  57  4:27  Extractor  
  57  4:28  Extractor  
  57  4:31  Drone x3  
  66  4:38  Extractor, Roach Warren  
  64  4:40  Drone  
  64  4:41  Drone x2  
  66  4:46  Lair  
  66  4:49  Drone x3  
  66  4:51  Drone  
  70  4:54  Drone x2  
  72  5:01  Queen  
  72  5:06  Overlord x2  
  72  5:07  Overlord  
  74  5:09  Spore Crawler x2  
  68  5:23  Roach x6  
  80  5:32  Roach  
  80  5:33  Roach x3  
  88  5:36  Queen  
  88  5:41  Roach  
  88  5:42  Roach x2  
  96  5:44  Overlord  
  96  5:49  Overseer  
  96  5:53  Ravager  
  96  5:54  Ravager, Overlord x2  
  96  5:57  Ravager x2  
  99  6:01  Zergling x10  
  105  6:04  Overlord  
  105  6:07  Ravager  
  107  6:11  Ravager  
  107  6:12  Zergling x10  
  112  6:19  Ravager  
  112  6:21  Zergling x12  
  112  6:24  Ravager  
  118  6:36  Zergling x18  
  125  6:43  Zergling x12  
  125  6:46  Queen  
  130  6:52  Queen  
  127  6:58  Queen  
  125  7:07  Hydralisk Den  
  117  7:13  Drone x10  
  119  7:24  Queen  
  119  7:25  Drone  
  119  7:28  Queen  
  114  7:34  Queen  
  115  7:41  Hydralisk x4  
  118  7:50  Ravager x2  
  116  7:59  Queen  
  116  8:00  Hydralisk x5  
  116  8:03  Queen  
  125  8:07  Hydralisk x2  
  125  8:10  Queen  
  129  8:15  Muscular Augments  
  129  8:16  Drone x2  
  129  8:17  Evolution Chamber  
  127  8:21  Extractor x2  
  127  8:22  Drone  
  127  8:23  Infestation Pit  
  127  8:27  Drone x5  
  126  8:29  Drone  
  126  8:31  Overlord  
  129  8:41  Overlord x2  
  129  8:42  Overlord  
  129  8:50  Hydralisk x4  
  130  8:57  Zerg Missile Weapons Level 1  
  125  9:03  Pathogen Glands  
  125  9:06  Queen x2  
  131  9:23  Hatchery  
  128  9:26  Grooved Spines  
  128  9:29  Infestor x4  
  134  9:35  Hive, Evolution Chamber  
  130  9:38  Drone x2  
  130  9:39  Drone x8  
  140  9:45  Queen  
  140  9:46  Queen  
  140  9:49  Zergling x2  
  140  9:51  Infestor  
  140  9:52  Extractor x2  
  146  9:53  Infestor  
  146  9:57  Drone x3  
  146  9:59  Drone x2  
  152  10:00  Drone  
  153  10:09  Overlord x2  
  153  10:13  Overlord x2  
  153  10:17  Overlord  
  153  10:21  Hydralisk x2  
  153  10:27  Roach  
  153  10:28  Roach x2  
  163  10:31  Roach x3  

Tags
 
Add a new tag
Caveats
  • Supply blocks, unpowered buildings, or Contaminate may cause inaccurate times.
  • Supply counts are checked every 10 seconds.